 Dungeon Crawl Stone Soup version 0.27.1-16-g815e20cd7a (webtiles) character file.

Game seed: 514369273889136516

517 Eitelfritz the Spear-Bearer (level 7, -5/54 HPs)
             Began as a Merfolk Gladiator on Nov 22, 2021.
             Slain by a troll (9 damage)
             ... on level 5 of the Dungeon.
             The game lasted 00:09:14 (3748 turns).

Eitelfritz the Spear-Bearer (Merfolk Gladiator)     Turns: 3748, Time: 00:09:15

Health: -5/54      AC:  8    Str: 14    XL:     7   Next: 20%
Magic:  7/7        EV: 17    Int:  9    God:
Gold:   155        SH:  0    Dex: 16    Spells: 6/6 levels left

rFire    . . .     SeeInvis .   a - +0 trident
rCold    . . .     Faith    .   (no shield)
rNeg     . . .     Spirit   .   f - +0 ring mail
rPois    .         Reflect  .   c - +0 helmet
rElec    .         Harm     .   j - +0 cloak {rCorr}
rCorr    +         Rampage  .   e - +0 pair of gloves
Will     .....                  (no boots)
Stlth    +.........             (no amulet)
HPRegen  0.18/turn              n - +4 ring of evasion
MPRegen  0.10/turn              (no ring)

@: no status effects
A: (nimble swimmer 2), mertail
a: no special abilities


You were on level 5 of the Dungeon.
You visited 1 branch of the dungeon, and saw 5 of its levels.

You collected 195 gold pieces.
You spent 40 gold pieces at shops.

Inventory:

Hand Weapons
 a - a +0 trident (weapon)
Missiles
 d - 3 throwing nets
 g - 11 poisoned darts
 l - 3 boomerangs
 q - 6 curare-tipped darts (quivered)
Armour
 c - a +0 helmet (worn)
 e - a +0 pair of gloves (worn)
 f - a +0 ring mail (worn)
 j - a +0 cloak of preservation (worn)
Jewellery
 h - a ring of flight
 n - a +4 ring of evasion (left hand)
Scrolls
 k - a scroll of amnesia
Potions
 b - 2 potions of attraction
 i - 4 potions of curing
 o - a potion of flight
 p - 2 potions of magic
 r - a potion of mutation


   Skills:
 + Level 4.0 Fighting
 + Level 8.5 Polearms
 + Level 2.1 Throwing
 + Level 2.0 Armour
 + Level 5.5 Dodging
 + Level 0.6 Stealth


You had 6 spell levels left.
You didn't know any spells.
Your spell library contained the following spells:

 Spells                   Type           Power      Damage    Failure   Level
 Magic Dart               Conj           0%         1d3       63%         1
 Call Imp                 Summ           0%         N/A       77%         2
 Static Discharge         Conj/Air       0%         N/A       77%         2
 Mephitic Cloud           Conj/Pois/Air  0%         N/A       94%         3
 Bolt of Magma            Conj/Fire/Erth 0%         4d4       100%        5


Dungeon Overview and Level Annotations

Branches:
Dungeon (5/15)             Temple (0/1) D:5

Altars:
Okawaru

Shops:
D:3 !

Portals:
Abyss: D:3

Annotations:
D:3 2 transporters, makewrite's ghost, amateur MiAK


Innate Abilities, Weirdness & Mutations

((You are quick and stealthy near water. (Stealth+, EV+, Speed+++)))
Your lower body shifts to a powerful aquatic tail in water.


Message History

Reach: a) +0 trident
Press: ? - help, Dir - move target, f/p - troll
Aim: a troll (moderately wounded, poisoned, slow, about 35% to evade your +0 trident)
You reach to attack!
You barely miss the troll.
The troll is moderately wounded.
Reach: a) +0 trident
Press: ? - help, Dir - move target, f/p - troll
Aim: a troll (moderately wounded, poisoned, slow, about 35% to evade your +0 trident)
You reach to attack!
You closely miss the troll.
The troll is moderately wounded.
Found a potion of attraction.
Reach: a) +0 trident
Press: ? - help, Dir - move target, f/p - troll
Aim: a troll (moderately wounded, poisoned, slow, about 35% to evade your +0 trident)
You reach to attack!
You barely miss the troll.
The troll is moderately wounded.
The troll is no longer moving slowly.
You puncture the troll!
The troll is heavily wounded.
The troll looks more healthy.
You hit the troll but do no damage.
The troll is heavily wounded.
The troll bites you! The troll barely misses you. The troll claws you.
You closely miss the troll.
The troll is heavily wounded.
The troll completely misses you. The troll claws you but does no damage.
The troll claws you!
You closely miss the troll.
The troll is heavily wounded.
The troll bites you!
* * * LOW HITPOINT WARNING * * *
The troll claws you!
* * * LOW HITPOINT WARNING * * *
The troll misses you.
You closely miss the troll.
The troll is heavily wounded.
The troll bites you.
* * * LOW HITPOINT WARNING * * *
The troll claws you!
You die...

........# ........#
... .. ......=.# .. .
........# ... .#
........#####.#.###.
.#####.###....#...!
.# #...)...... ...#
## #.....##.##
#..####.#
#.....##.####@.......
#.....#..##.T.#.###.#
#....(..<...### #
##......######
###.(.....#
.........##
....#..### ..###.##
......#


You could see a troll.

Vanquished Creatures
  A sky beast (D:5)
  An ogre (D:4)
  A centaur (D:4)
  A wyvern zombie (D:5)
  A howler monkey (D:4)
  Crazy Yiuf (D:2)
  Terence (D:2)
  3 adders
  2 ufetubi (D:3)
  3 dart slugs
  5 ball pythons
  4 endoplasms
  2 giant cockroaches
  8 goblins
  9 hobgoblins
  2 jackals (D:4)
  3 quokkas
  7 bats
  5 kobolds
  3 rats
63 creatures vanquished.

Notes
Turn   | Place    | Note
-------+----------+-------------------------------------------
     0 | D:1      | Eitelfritz the Merfolk Gladiator began the quest for the
                  | Orb.
     0 | D:1      | Reached XP level 1. HP: 16/16 MP: 1/1
   183 | D:1      | Got the Incunabulum of the Harmful Birds
   261 | D:1      | Reached XP level 2. HP: 23/23 MP: 2/2
   564 | D:1      | Found a faded altar of an unknown god.
   670 | D:1      | Reached skill level 5 in Polearms
   917 | D:1      | Reached XP level 3. HP: 28/28 MP: 3/3
  1113 | D:2      | Noticed Terence
  1126 | D:2      | Killed Terence
  1182 | D:1      | Reached XP level 4. HP: 32/34 MP: 4/4
  1301 | D:2      | Found a runed translucent door.
  1302 | D:2      | Noticed Crazy Yiuf
  1646 | D:3      | Found Tareun's Distillery.
  1661 | D:3      | Bought a potion of degeneration for 10 gold pieces
  1661 | D:3      | Bought a potion of curing for 30 gold pieces
  1818 | D:3      | Reached skill level 6 in Polearms
  1874 | D:3      | Found an iron altar of Okawaru.
  1879 | D:3      | Found a transporter.
  1900 | D:3      | Found a transporter.
  1907 | D:3      | Found a one-way gate to the infinite horrors of the Abyss.
  1907 | D:3      | Noticed makewrite's ghost (amateur MiAK)
  1956 | D:3      | Noticed a small abomination
  2099 | D:3      | Reached skill level 1 in Armour
  2360 | D:3      | Noticed a small abomination
  2594 | D:2      | Killed Crazy Yiuf
  2595 | D:2      | Reached XP level 5. HP: 41/41 MP: 5/5
  2869 | D:4      | Reached skill level 7 in Polearms
  2869 | D:4      | Reached skill level 5 in Dodging
  2902 | D:4      | Noticed a centaur
  2912 | D:4      | Killed a centaur
  2913 | D:4      | Reached XP level 6. HP: 34/47 MP: 6/6
  3380 | D:5      | Entered Level 5 of the Dungeon
  3387 | D:5      | Noticed a sky beast
  3397 | D:5      | Killed a sky beast
  3398 | D:5      | Reached skill level 8 in Polearms
  3398 | D:5      | Reached XP level 7. HP: 38/53 MP: 7/7
  3673 | D:5      | Noticed a troll
  3715 | D:5      | Found a staircase to the Ecumenical Temple.
  3748 | D:5      | Slain by a troll

Illustrated notes

Levels and vault maps discovered:
D:1:      psy_arrival_dodecagon, layout_basic,
          dreamdust_ecumenical_altar_statues, amcnicky_mini_corridor_feature,
          hangedman_decor_slide_cut
D:2:      layout_rooms, uniq_crazy_yiuf_cottage, uniq_terence
D:3:      layout_basic, amcnicky_altar_gilded, gammafunk_ghost_abyssal_escape,
          serial_shops, nicolae_shop_stone
D:4:      layout_basic
D:5:      layout_rooms, minmay_temple_entry_ruins

Skill      XL: |  1  2  3  4  5  6  7 |
---------------+----------------------+-----
Polearms       | 5 6 7 8 |  8.5
Fighting       | 3 4 |  4.0
Armour         | 1 2 |  2.0
Dodging        | 5 |  5.5
Throwing       | |  2.1
Stealth        | |  0.6

Action                   |  1- 3 |  4- 6 |  7- 9 || total
-------------------------+-------+-------+-------++-------
Melee: Trident           |    99 |   136 |    25 ||   260
Throw: Dart              |       |     3 |     1 ||     4
  Use: Scroll            |       |     8 |     1 ||     9
       Potion            |       |     1 |     1 ||     2
Armor: Ring mail         |    31 |    46 |     3 ||    80
       Leather armour    |     4 |       |       ||     4
Dodge: Dodged            |    54 |   131 |    13 ||   198
